 Dungeon Crawl Stone Soup version 0.19.1-1-g22dce08 (webtiles) character file.

226 Macro the Cutter (level 6, -7/42 HPs)
             Began as a Halfling Fighter on Jan 15, 2017.
             Was an Initiate of Dithmenos.
             Killed from afar by Pikel (14 damage)
             ... with a wand of lightning
             ... on level 4 of the Dungeon.
             The game lasted 00:25:36 (3222 turns).

Macro the Cutter (Halfling Fighter)                 Turns: 3222, Time: 00:25:37

Health: -7/42      AC: 12    Str: 22    XL:     6   Next: 22%
Magic:  6/6        EV: 10    Int:  6    God:    Dithmenos [......]
Gold:   175        SH: 10    Dex: 15    Spells: 0 memorised, 5 levels left

rFire  . . .     SeeInvis .     v - +1 dagger (holy)
rCold  . . .     Gourm    .     t - +2 ring mail {MR+}
rNeg   . . .     Faith    .     c - +0 shield
rPois  .         Spirit   .     y - +2 helmet
rElec  .         Reflect  .     (no cloak)
rCorr  .         Harm     .     r - +0 pair of gloves
MR     +....                    (no boots)
Stlth  +.........               (no amulet)
                                k - ring of wizardry
                                z - +4 ring of strength

@: exhausted, slowed, very slow
A: mutation resistance 1
a: Renounce Religion


You were on level 4 of the Dungeon.
You worshipped Dithmenos.
Dithmenos was noncommittal.
You were not hungry.

You visited 1 branch of the dungeon, and saw 4 of its levels.

You collected 175 gold pieces.

Inventory:

Hand Weapons
 a - a +0 rapier
 q - a +0 dagger
 v - a +1 dagger of holy wrath (weapon)
Armour
 c - a +0 shield (worn)
 r - a +0 pair of gloves (worn)
 t - a +2 ring mail of magic resistance (worn)
 y - a +2 helmet (worn)
Jewellery
 k - a ring of wizardry (right hand)
 o - an uncursed ring of fire
 z - a +4 ring of strength (left hand)
Scrolls
 b - 2 scrolls of amnesia {unknown}
 e - 4 scrolls of magic mapping {unknown}
 g - 3 scrolls of fear {unknown}
 h - a scroll of recharging {unknown}
 i - 6 scrolls of teleportation {unknown}
 n - 3 scrolls of remove curse {unknown}
 p - 3 scrolls of identify {unknown}
 w - a scroll of noise {unknown}
 B - 2 scrolls of enchant armour {unknown}
Potions
 d - a potion of might
 s - a potion of resistance {unknown}
 u - a potion of degeneration {unknown}
 x - a potion of heal wounds {unknown}
 A - a potion of flight {unknown}
Comestibles
 f - 6 bread rations
 l - 7 meat rations


   Skills:
 + Level 3.2 Fighting
 + Level 4.7 Short Blades
 + Level 4.4 Armour
 + Level 4.6 Shields


You had 5 spell levels left.
You didn't know any spells.

Dungeon Overview and Level Annotations

Branches:
Dungeon (4/15)
 Temple: D:4-7

Altars:
Ashenzari
Dithmenos
Elyvilon
Gozag
Okawaru

Annotations:
D:4 Natasha, Pikel


Innate Abilities, Weirdness & Mutations

You are small and have problems with some larger weapons.
You are somewhat resistant to further mutation.


Message History

Pikel freezes you.
* * * LOW HITPOINT WARNING * * *
It was a potion of magic.
Magic courses through your body. You block the slave's attack.
Pikel completely misses you.
It was a potion of berserk rage.
A red film seems to cover your vision as you go berserk!
You feel yourself moving faster!
You feel mighty! The slave hits you.
* * * LOW HITPOINT WARNING * * *
You block Pikel's attack.
Natasha, Servant of Life and Death comes into view.
You feel a strong urge to attack something.
Natasha hisses angrily.
You block the slave's attack.
Found 15 stones.
You feel your anger subside.
You are no longer berserk.
You are exhausted.
You feel yourself slow down. The slave hits you but does no damage.
Pikel zaps a wand.
The bolt of lightning hits you!
You die...

##.#########.##.........
#..).........##..#.#.###
#..############..#.#.###
#..# #......... #..#
##.#.##### #..#
#######.#.# ## #..#
#.........# #.
##..#######.#####.######.
#..ppK..@.(.# #........
#..h######..# #####....
#.#[.##### .... #....
#.###K..h.# .### #....
#.# ##p##.# .# ####. #.#
##. .. #. ## ## . #. #.
##


You could see Pikel, 2 slaves and Natasha.

Vanquished Creatures
  A crimson imp (D:4)
  Natasha (D:4)
  2 hound skeletons (D:4)
  A gnoll (D:3)
  An adder (D:3)
  An ooze (D:1)
  An adder zombie (D:1)
  A worm (D:3)
  3 dart slugs
  4 leopard geckos
  10 orcs
  A bat zombie (D:1)
  5 giant cockroaches
  5 goblins
  9 hobgoblins
  8 jackals
  A quokka (D:3)
  A ball python (D:2)
  10 bats
  3 frilled lizards (D:1)
  11 kobolds
  11 rats
91 creatures vanquished.

Notes
Turn   | Place    | Note
-------+----------+-------------------------------------------
     0 | D:1      | Macro the Halfling Fighter began the quest for the Orb.
     0 | D:1      | Reached XP level 1. HP: 15/15 MP: 1/1
   128 | D:1      | Reached XP level 2. HP: 20/20 MP: 2/2
   305 | D:1      | Reached XP level 3. HP: 22/25 MP: 3/3
   919 | D:2      | Reached XP level 4. HP: 31/31 MP: 4/4
   944 | D:2      | Found an opulent altar of Gozag.
  1068 | D:2      | Found a shattered altar of Ashenzari.
  1068 | D:2      | Found a white marble altar of Elyvilon.
  1556 | D:2      | Found an iron altar of Okawaru.
  1956 | D:3      | Reached XP level 5. HP: 13/36 MP: 5/5
  2327 | D:3      | Found a shadowy altar of Dithmenos.
  2336 | D:3      | Became a worshipper of Dithmenos the Shadowed
  2679 | D:4      | Noticed Natasha
  2695 | D:4      | Killed Natasha
  2949 | D:4      | Reached XP level 6. HP: 42/42 MP: 6/6
  3168 | D:4      | Noticed a slave
  3170 | D:4      | Noticed a slave
  3171 | D:4      | Noticed Pikel
  3216 | D:4      | Noticed Natasha
  3222 | D:4      | Killed from afar by Pikel

Skill      XL: |  1  2  3  4  5 |
---------------+----------------+-----
Fighting       | 3 |  3.2
Short Blades   | 3 4 |  4.7
Armour         | 4 |  4.4
Shields        | 4 |  4.6

Action                   |  1- 3 |  4- 6 || total
-------------------------+-------+-------++-------
Melee: Rapier            |   119 |   112 ||   231
       Dagger            |       |   201 ||   201
  Use: Potion            |       |     2 ||     2
  Eat: Chunk             |       |     8 ||     8
Armor: Scale mail        |    45 |    35 ||    80
       Ring mail         |       |    62 ||    62
Dodge: Dodged            |    39 |   107 ||   146
Block: Shield            |    61 |   138 ||   199
